 Dungeon Crawl Stone Soup version 0.26.0-10-g1f06aea511 (webtiles) character file.

Game seed: 2447551554515837339

50 shitwizard the Chopper (level 3, -5/26 (29) HPs)
             Began as a Demonspawn Chaos Knight on Jan 25, 2021.
             Was a Plaything of Xom.
             Slain by Robin the snapping turtle (glowing shapeshifter) (9 damage)
             ... on level 2 of the Dungeon.
             The game lasted 00:01:33 (1688 turns).

shitwizard the Chopper (Demonspawn Chaos Knight)    Turns: 1688, Time: 00:01:33

HP:   -5/26 (29)    AC:  6    Str: 12    XL:     3   Next: 55%
MP:   0/3           EV: 11    Int: 14    God:    Xom [..*...]
Gold: 52            SH:  0    Dex: 12    Spells: 2/2 levels left

rFire    . . .     SeeInvis .   a - +0 hand axe (chaos)
rCold    + . .     Faith    .   (no shield)
rNeg     . . .     Spirit   .   b - +2 leather armour
rPois    .         Reflect  .   (no helmet)
rElec    .         Harm     .   (no cloak)
rCorr    .         Rampage  .   (no gloves)
Will     .....                  (no boots)
Stlth    +.........             (no amulet)
HPRegen  0.08/turn              (no ring)
MPRegen  0.08/turn              (no ring)

@: heavily drained
A: cold resistance 1, sharp scales 1
a: Renounce Religion


You were on level 2 of the Dungeon.
You worshipped Xom.
You were a toy of Xom.
You visited 1 branch of the dungeon, and saw 2 of its levels.

You collected 52 gold pieces.

Inventory:

Hand Weapons
 a - a +0 hand axe of chaos (weapon)
Armour
 b - a +2 leather armour (worn)
Scrolls
 c - a scroll of teleportation {unknown}
 e - a scroll of remove curse {unknown}
 g - a scroll of identify {unknown}
Potions
 d - a potion of berserk rage {unknown}
 f - a potion of brilliance {unknown}


   Skills:
 - Level 3.1 Fighting
 + Level 4.0 Axes
 - Level 1.9 Armour
 - Level 0.8 Dodging


You had 2 spell levels left.
You didn't know any spells.
Your spell library was empty.

Dungeon Overview and Level Annotations

Branches:
Dungeon (2/15)

Altars:

Annotations:
D:2 Robin


Innate Abilities, Weirdness & Mutations

Your flesh is cold resistant. (rC+)
You are partially covered in razor-sharp scales. (AC +1, Slay +1)


Message History

You miss Robin.
Robin is moderately wounded.
Robin the merfolk changes into an eye of devastation!
You hit Robin but do no damage.
The leopard gecko hisses angrily.
You hit Robin.
Robin is lightly wounded.
Robin the eye of devastation changes into a mana viper!
You closely miss Robin. Robin bites you!
* * * LOW HITPOINT WARNING * * *
You feel your power leaking away.
You miss Robin.
Robin the mana viper changes into a snapping turtle!
You hit Robin but do no damage. You barely miss Robin. Robin barely misses you.
You hit Robin.
Robin is lightly wounded.
Robin bites you!
You die...
Xom chortles! .. .#. .##.. .#.. ... #lg #gg

#t#################
#.@.)...........†..
#..###############.
#..# #. #... #.
#.#. #. #. .# #. #.
.# #. #. .. #.
########.


You could see Robin the snapping turtle shaped shifter, a leopard gecko and 3
goblins.

Vanquished Creatures
  An adder (D:2)
  2 dart slugs (D:1)
  3 giant cockroaches
  8 goblins
  2 hobgoblins (D:1)
  4 jackals (D:1)
  4 kobolds
  6 bats (D:1)
  4 frilled lizards (D:1)
  A rat (D:2)
35 creatures vanquished.

Notes
Turn   | Place    | Note
-------+----------+-------------------------------------------
     0 | D:1      | shitwizard the Demonspawn Chaos Knight began the quest for
                  | the Orb.
     0 | D:1      | Reached XP level 1. HP: 18/18 MP: 1/1
   301 | D:1      | Reached skill level 3 in Axes
   301 | D:1      | Gained mutation: Your flesh is cold resistant. (rC+)
                  | [demonic ancestry]
   301 | D:1      | Reached XP level 2. HP: 24/24 MP: 2/2
   712 | D:1      | XOM: silly message
  1159 | D:1      | Gained mutation: You are partially covered in razor-sharp
                  | scales. (AC +1, Slay +1) [demonic ancestry]
  1159 | D:1      | Reached XP level 3. HP: 29/29 MP: 3/3
  1225 | D:1      | XOM: divination: magic mapping
  1664 | D:2      | Reached skill level 4 in Axes
  1667 | D:2      | Noticed Robin
  1676 | D:2      | Noticed Robin
  1676 | D:2      | Robin changed into Robin the glowing shapeshifter
  1676 | D:2      | Noticed Robin
  1676 | D:2      | Robin the glowing shapeshifter changed into Robin the
                  | merfolk
  1681 | D:2      | Noticed Robin
  1681 | D:2      | Robin the merfolk changed into Robin the eye of devastation
  1683 | D:2      | Noticed Robin
  1683 | D:2      | Robin the eye of devastation changed into Robin the mana
                  | viper
  1685 | D:2      | Noticed Robin
  1685 | D:2      | Robin the mana viper changed into Robin the snapping turtle
  1688 | D:2      | Slain by Robin the snapping turtle (glowing shapeshifter)

Illustrated notes

Levels and vault maps discovered:
D:1:      roderic_crossed_star, layout_basic, roderic_serpentine_path
D:2:      wad_crossroads, layout_basic, uniq_robin

Skill      XL: |  1  2  3 |
---------------+----------+-----
Axes           | 3 4 |  4.0
Fighting       | |  3.1
Armour         | |  1.9
Dodging        | |  0.8

Action                   || total
-------------------------++-------
Melee: Hand axe          ||   113
 Stab: Petrified         ||     6
       Sleeping          ||     1
Armor: Leather armour    ||    39
Dodge: Dodged            ||    47
